 Dungeon Crawl Stone Soup version 0.23-a0-171-g5ae17c6 (webtiles) character file.

13398 HarryHood the Basher (level 12, -11/84 HPs)
             Began as a Gargoyle Berserker on Sept 14, 2018.
             Was a High Priest of Trog.
             Mangled by a red ugly thing (19 damage)
             ... on level 11 of the Dungeon.
             The game lasted 00:45:03 (10774 turns).

HarryHood the Basher (Gargoyle Berserker)          Turns: 10774, Time: 00:45:03

Health: -11/84     AC: 28    Str: 29    XL:     12   Next: 5%
Magic:  21/21      EV: 10    Int: 13    God:    Trog [*****.]
Gold:   383        SH:  0    Dex: 10    Spells: 11/11 levels left

rFire    x . .     SeeInvis .   a - +3 flail (holy)
rCold    + + +     Gourm    .   (no shield)
rNeg     + . .     Faith    .   f - +3 scale mail of the Four Stories {rElec rPois rC+ MP+9}
rPois    ∞         Spirit   .   m - +3 helmet "Guacua Vohu" {rF- rC+ Int+3 Slay+2}
rElec    +         Reflect  .   t - +0 cloak
rCorr    .         Harm     .   w - +1 pair of gloves {Str+3}
MR       .....                  l - +0 pair of boots
Stlth    ..........             (no amulet)
HPRegen  0.24/turn              e - ring of protection from cold
MPRegen  0.17/turn              n - +3 ring of strength

@: no status effects
A: negative energy resistance 1, electricity resistance, unbreathing,
petrification resistance, rot immunity, AC +8
a: Berserk, Trog's Hand, Brothers in Arms, Renounce Religion


You were on level 11 of the Dungeon.
You worshipped Trog.
Trog was extremely pleased with you.
You were hungry.

You visited 2 branches of the dungeon, and saw 12 of its levels.

You collected 624 gold pieces.
You spent 241 gold pieces at shops.

Inventory:

Hand Weapons
 a - a +3 flail of holy wrath (weapon)
 b - a +0 hunting sling
Missiles
 g - 298 stones (quivered)
 s - 36 sling bullets
Armour
 f - the +3 scale mail of the Four Stories (worn) {rElec rPois rC+ MP+9}
   (You found it on level 10 of the Dungeon)

   It protects you from cold.
   It insulates you from electricity.
   It protects you from poison.
   It affects your magic capacity (+9).
 l - a +0 pair of boots (worn)
 m - the +3 helmet "Guacua Vohu" (worn) {rF- rC+ Int+3 Slay+2}
   (You acquired it in the Ecumenical Temple)

   It affects your intelligence (+3).
   It affects your accuracy and damage with ranged weapons and melee attacks
   (+2).
   It makes you vulnerable to fire.
   It protects you from cold.
 t - a +0 cloak (worn)
 w - a +1 pair of gloves of strength (worn)
Jewellery
 e - a ring of protection from cold (left hand)
 k - an uncursed ring of flight
 n - a +3 ring of strength (right hand)
 q - an uncursed ring of positive energy
Wands
 i - a wand of polymorph (11)
 v - a wand of digging (13)
Scrolls
 j - 4 scrolls of teleportation {@r0}
 p - 2 scrolls of remove curse {@r1}
 r - 3 scrolls of identify
 y - 2 scrolls of magic mapping {@r5}
 B - a scroll of blinking {@r7}
Potions
 h - 2 potions of mutation {!q}
 o - 2 potions of lignification {!q}
 u - 2 potions of agility
 x - 2 potions of invisibility
 z - a potion of flight
 A - 3 potions of might
 C - a potion of heal wounds {@q1}
 D - 3 potions of curing {@q2}
Comestibles
 c - 31 rations {@e1}


   Skills:
 + Level 13.0 Fighting
 * Level 13.7 Maces & Flails
 - Level 6.4 Armour
 - Level 1.5 Dodging


You had 11 spell levels left.
You didn't know any spells.
Your spell library was empty.

Dungeon Overview and Level Annotations

Branches:
Dungeon (11/15)            Temple (1/1) D:5
   Lair: D:8-11         Orc: D:9-12

Altars:
Cheibriados
Elyvilon
Ru
Sif Muna
Trog
Vehumet
Zin
The Shining One

Shops:
D:4 [   D:5 %   D:8 [   D:10 %

Portals:
Bailey: D:9


Innate Abilities, Weirdness & Mutations

You are resistant to torment.
Your stone body is resilient. (AC +8)
You are immune to poison.
You resist negative energy. (rN+)
You are resistant to electric shocks. (rElec)
You can survive without breathing.
You are immune to petrification.
You are immune to rotting.


Message History

You closely miss the red ugly thing.
The red ugly thing tentacle-slaps you but does no damage.
You sock the red ugly thing!
The red ugly thing tentacle-slaps you but does no damage.
You hit the red ugly thing. You barely miss the red ugly thing.
The red ugly thing tentacle-slaps you but does no damage.
You hit the red ugly thing but do no damage.
The red ugly thing tentacle-slaps you.
You are engulfed in flames!!
The fire burns you terribly!
You take 34 damage, and have 31/84 hp.
MASSIVE DAMAGE!!
You hit the red ugly thing. You hit the red ugly thing.
The red ugly thing tentacle-slaps you.
You are engulfed in flames!!
The fire burns you terribly!
* * * LOW HITPOINT WARNING * * *
You take 22 damage, and have 9/84 hp.
MASSIVE DAMAGE!!
You barely miss the red ugly thing. The red ugly thing tentacle-slaps you.
* * * LOW HITPOINT WARNING * * *
You are engulfed in flames!!
The fire burns you terribly!
You die...

...#...#...#...#....####
..#.#...#.#...#:#.......
.#...#...#...#...#......
........................
...#...#...#...#........
..#.#...#[#...#†#.......
.#...#...#...#...#......
........................
...#...#...#...#@.......
..#|#...#[#...#u#.......
.#...#...#...#...#......
........................
...#..............#[....
...#.......#############
...#................
...............u....
...#########....u...


You could see a red ugly thing.

Vanquished Creatures
  2 hydras
  A two-headed ogre (D:7)
  A queen ant (D:8)
  An unseen horror (D:8)
  A deep elf mage (D:10)
  The ghost of Felid the Cleaver, a novice DsBe of Trog (D:5)
  2 ugly things (D:11)
  2 trolls
  A hippogriff (D:7)
  A dream sheep (D:8)
  2 vampires
  A basilisk (D:11)
  Menkaure (D:6)
  20 soldier ants (D:8)
  A water moccasin (D:11)
  2 black bears
  2 ice beasts (D:10)
  2 sky beasts
  4 orc warriors
  A necrophage (D:10)
  2 ogres
  5 centaurs
  3 big kobolds
  4 bullfrogs
  4 scorpions
  4 wights (D:7)
  2 howler monkeys
  4 crimson imps
  3 bullfrog zombies
  2 centaur zombies
  A hound (D:10)
  3 jellies
  12 orc priests
  2 bullfrog skeletons
  7 orc wizards
  5 iguanas
  Natasha (thrice) (D:2)
  23 worker ants
  A worker ant zombie (D:8)
  7 adders
  3 shadow imps
  3 adder zombies
  2 adder skeletons
  2 worms
  2 dart slugs (D:2)
  7 leopard geckos
  42 orcs
  4 ball pythons
  7 bats
  3 giant cockroaches
  12 goblins
  5 hobgoblins
  3 jackals (D:3)
  10 kobolds
  2 quokkas
  12 frilled lizards
  A leopard gecko skeleton (D:4)
  A quokka skeleton (D:4)
  4 rats
  A fungus (D:7)
  A plant (D:8)
273 creatures vanquished.

Vanquished Creatures (collateral kills)
  A dream sheep (D:8)
  2 yaks (D:8)
  A big kobold (D:8)
4 creatures vanquished.

Vanquished Creatures (others)
  A plant (D:8)
1 creature vanquished.

Grand Total: 278 creatures vanquished

Notes
Turn   | Place    | Note
-------+----------+-------------------------------------------
     0 | D:1      | HarryHood the Gargoyle Berserker began the quest for the
                  | Orb.
     0 | D:1      | Reached XP level 1. HP: 14/14 MP: 1/1
   121 | D:1      | Reached XP level 2. HP: 18/19 MP: 2/2
   402 | D:1      | Reached skill level 4 in Maces & Flails
   669 | D:1      | Reached ** piety under Trog
   669 | D:1      | Reached XP level 3. HP: 23/23 MP: 3/3
  1481 | D:2      | Reached XP level 4. HP: 28/28 MP: 4/4
  1502 | D:2      | Noticed Natasha
  1508 | D:2      | Killed Natasha
  1508 | D:2      | Reached skill level 5 in Maces & Flails
  1713 | D:2      | Noticed Natasha
  1724 | D:2      | Killed Natasha
  1799 | D:3      | Reached XP level 5. HP: 31/32 MP: 5/5
  2120 | D:3      | Reached skill level 6 in Maces & Flails
  2195 | D:3      | You fall through a shaft for 3 floors!
  2196 | D:6      | Noticed Menkaure
  2208 | D:5      | Entered Level 5 of the Dungeon
  2241 | D:5      | Found a staircase to the Ecumenical Temple.
  2285 | D:5      | Reached *** piety under Trog
  2285 | D:5      | Reached skill level 4 in Fighting
  2285 | D:5      | Reached XP level 6. HP: 15/38 MP: 6/6
  2623 | D:4      | Reached skill level 5 in Fighting
  2835 | D:3      | Reached skill level 6 in Fighting
  2835 | D:3      | Reached XP level 7. HP: 24/46 MP: 7/7
  3037 | D:2      | Noticed Natasha
  3047 | D:2      | Killed Natasha
  3376 | D:4      | Found Ulantan's Antique Armour Shop.
  3384 | D:4      | Bought a pair of boots for 121 gold pieces
  3875 | D:5      | Found a glowing golden altar of the Shining One.
  3875 | D:5      | Noticed a troll
  3889 | D:5      | Killed a troll
  3889 | D:5      | Reached skill level 7 in Maces & Flails
  3889 | D:5      | Reached XP level 8. HP: 18/52 MP: 8/8
  4215 | D:5      | Found a deep blue altar of Sif Muna.
  4358 | D:5      | Found a runed door.
  4362 | D:5      | Noticed Felid's ghost (novice DsBe)
  4720 | D:5      | Found Duogy's Food Shop.
  4810 | D:5      | Reached skill level 7 in Fighting
  4992 | D:5      | Killed Felid's ghost
  4992 | D:5      | Reached skill level 8 in Maces & Flails
  5038 | Temple   | Entered the Ecumenical Temple
  5039 | Temple   | Identified a scroll of acquirement
  5042 | Temple   | Got a steaming helmet
  5053 | Temple   | Identified the +3 helmet "Guacua Vohu" {rF- rC+ Int+3
                  | Slay+2} (You acquired it in the Ecumenical Temple)
  5078 | D:6      | Killed Menkaure
  5078 | D:6      | Reached skill level 9 in Maces & Flails
  5099 | D:6      | Reached **** piety under Trog
  5122 | D:6      | Reached skill level 8 in Fighting
  5124 | D:6      | Reached skill level 3 in Armour
  5145 | D:6      | Found a radiant altar of Vehumet.
  5271 | D:6      | Reached XP level 9. HP: 56/59 MP: 9/9
  5457 | D:6      | Reached skill level 4 in Armour
  5726 | D:6      | Found a glowing golden altar of the Shining One.
  5726 | D:6      | Found a snail-covered altar of Cheibriados.
  5795 | D:6      | Found a deep blue altar of Sif Muna.
  6147 | D:7      | Reached skill level 9 in Fighting
  6164 | D:7      | Reached skill level 5 in Armour
  6235 | D:7      | Got an encrusted quarterstaff
  6249 | D:7      | Noticed a two-headed ogre
  6261 | D:7      | Killed a two-headed ogre
  6261 | D:7      | Reached skill level 6 in Armour
  6372 | D:7      | Reached skill level 10 in Fighting
  6619 | D:7      | Reached XP level 10. HP: 68/68 MP: 10/10
  6762 | D:7      | Found a sacrificial altar of Ru.
  7046 | D:8      | Found Kaunugotz's Antique Armour Shoppe.
  7051 | D:8      | Bought a pair of glowing gloves for 120 gold pieces
  7186 | D:8      | Reached ***** piety under Trog
  7273 | D:8      | Killed an unseen horror
  7273 | D:8      | Reached skill level 10 in Maces & Flails
  7459 | D:8      | Reached skill level 11 in Fighting
  7705 | D:8      | Reached skill level 11 in Maces & Flails
  7884 | D:8      | Reached XP level 11. HP: 76/76 MP: 11/11
  7918 | D:8      | Noticed a queen ant
  7937 | D:8      | Killed a queen ant
  7950 | D:8      | Reached skill level 12 in Fighting
  7970 | D:8      | Reached skill level 12 in Maces & Flails
  8199 | D:8      | Noticed a three-headed hydra
  8210 | D:8      | Killed a three-headed hydra
  8409 | D:9      | Found a white marble altar of Elyvilon.
  8466 | D:9      | Got a crude war axe
  8468 | D:9      | Identified the +4 war axe "Ychomoon" {freeze, +Rage Int+3
                  | Stlth+} (You found it on level 9 of the Dungeon)
  8702 | D:9      | Found a flagged portal.
  8852 | D:9      | Found a deep blue altar of Sif Muna.
  9012 | D:9      | Found a glowing silver altar of Zin.
  9020 | D:9      | Found a bloodstained altar of Trog.
  9125 | D:10     | Entered Level 10 of the Dungeon
  9658 | D:10     | Noticed a deep elf mage
  9677 | D:10     | Killed a deep elf mage
  9941 | D:10     | Got a bronze scale mail
  9952 | D:10     | Identified the +3 scale mail of the Four Stories {rElec
                  | rPois rC+ MP+9} (You found it on level 10 of the Dungeon)
  9953 | D:10     | Found Poak's Food Boutique.
  9957 | D:10     | Got a slimy rapier
 10019 | D:10     | Reached skill level 13 in Maces & Flails
 10174 | D:11     | Noticed a five-headed hydra
 10189 | D:11     | HP: 6/76 [five-headed hydra (10)]
 10192 | D:11     | Killed a five-headed hydra
 10194 | D:11     | HP: 5/77 [centaur (2)]
 10731 | D:11     | Noticed a purple ugly thing
 10732 | D:11     | Noticed a brown ugly thing
 10751 | D:11     | Noticed a red ugly thing
 10758 | D:11     | Killed a purple ugly thing
 10758 | D:11     | Reached skill level 13 in Fighting
 10758 | D:11     | Reached XP level 12. HP: 69/84 MP: 12/12
 10774 | D:11     | HP: 8/84 [red ugly thing (1)]
 10774 | D:11     | Mangled by a red ugly thing

Vault maps used:
D:1:      lightli_arrival_flooded_house, minmay_tetromino_s2
D:2:      uniq_natasha
D:3:      first_ration
D:4:      serial_shops, shop
D:5:      minmay_temple_entry_large_hall, ebering_ghost_reflecting_pool,
          serial_shops, nicolae_shop_behind_doors, serial_bayou_ford_a,
          hangedman_feature_mirror
D:6:      gammafunk_temple_overflow_elements, led_sif_pool,
          vehumet_altar_wand_db, uniq_menkaure
D:7:      nicolae_ru_the_path_less_chosen
D:8:      serial_shops, nicolae_shop_crystal, hangedman_ranch,
          serial_bayou_pond_d, minivault_29
D:9:      kennysheep_orc_sif_temple, lemuel_crystal_altar,
          amethyst_overflow_temple_binary, enter_bailey_3
D:10:     serial_shops, shop
D:11:     cheibrodos_fzero, dpeg_lair_monsters, fedhas_altar_3
Temple:   jpeg_temple_clearing

Skill      XL: |  1  2  3  4  5  6  7  8  9 10 11 |
---------------+----------------------------------+-----
Maces & Flails | 4 5 6 7 9 11 13 | 13.7
Fighting       | 4 6 8 10 11 13 | 13.0
Armour         | 3 6 |  6.4
Dodging        | |  1.5

Action                   |  1- 3 |  4- 6 |  7- 9 | 10-12 || total
-------------------------+-------+-------+-------+-------++-------
Melee: Mace              |   125 |   168 |       |       ||   293
       Flail             |       |    49 |   238 |   654 ||   941
Invok: Berserk           |       |       |     1 |     3 ||     4
       Brothers in Arms  |       |       |       |     1 ||     1
  Use: Scroll            |     2 |     1 |    13 |    13 ||    29
       Potion            |       |       |       |     1 ||     1
 Stab: Sleeping          |     1 |       |       |       ||     1
  Eat: Chunk             |     2 |     5 |    10 |    16 ||    33
       Ration            |       |       |     1 |       ||     1
Armor: Animal skin       |    10 |       |       |       ||    10
       Scale mail        |    62 |       |       |    79 ||   141
       Skin              |     2 |       |       |       ||     2
       Plate armour      |       |   180 |   168 |   319 ||   667
Dodge: Dodged            |    78 |    70 |    58 |   199 ||   405

Table legend:
 A = Non-vault XP
 B = Vault XP
 C = Vault XP percentage of total XP
 D = Non-vault monster count
 E = Vault monster count
 F = Vault count percentage of total count
                 A         B        C        D         E       F
            +---------+---------+-------+---------+---------+-------
      Total |    8865 |   10275 |  53.7 |     200 |      75 |  27.3
            +---------+---------+-------+---------+---------+-------
        D:1 |      32 |       4 |  11.1 |      19 |       2 |   9.5
        D:2 |     124 |      35 |  22.0 |      23 |       1 |   4.2
        D:3 |     303 |       0 |   0.0 |      29 |       0 |   0.0
        D:4 |     173 |       0 |   0.0 |      16 |       0 |   0.0
        D:5 |     412 |     882 |  68.2 |      11 |       3 |  21.4
        D:6 |     842 |     177 |  17.4 |      22 |       2 |   8.3
        D:7 |    1799 |       0 |   0.0 |      18 |       0 |   0.0
        D:8 |    1474 |    6440 |  81.4 |      24 |      47 |  66.2
        D:9 |      86 |     255 |  74.8 |       4 |       8 |  66.7
       D:10 |    2533 |      13 |   0.5 |      29 |       1 |   3.3
       D:11 |    1087 |    2469 |  69.4 |       5 |      11 |  68.8
            +---------+---------+-------+---------+---------+-------
